 Dungeon Crawl Stone Soup version 0.19-a0-151-g039907c (webtiles) character file.

9220 Duffy the Cleaver (level 11, -3/86 (87) HPs)
             Began as a Formicid Fighter on May 20, 2016.
             Was a High Priest of Cheibriados.
             Slain by a six-headed hydra (11 damage)
             ... on level 1 of the Lair of Beasts.
             The game lasted 00:16:04 (10051 turns).

Duffy the Cleaver (Formicid Fighter)               Turns: 10051, Time: 00:16:04

HP:   -3/86 (87)    AC: 19    Str: 34    XL:     11   Next: 70%
MP:   14/14         EV:  8    Int: 20    God:    Cheibriados [*****.]
Gold: 431           SH: 14    Dex: 21    Spells: 0 memorised, 10 levels left

rFire  + . .     SeeInvis +     J - +1 morningstar
rCold  . . .     Gourm    .     e - +0 plate armour
rNeg   + . .     Faith    .     c - +0 shield
rPois  .         Spirit   .     (helmet unavailable)
rElec  .         Dismiss  .     p - +1 cloak
rCorr  .         Reflect  .     O - +0 pair of gloves
SustAt .         Harm     .     D - +1 pair of boots of Kindness {rF+}
MR     ++...                    (no amulet)
Stlth  ..........               k - ring of positive energy
                                h - ring of protection from magic

@: very slow, very resistant to hostile enchantments, extremely unstealthy
A: permanent stasis, dig shafts and tunnels, four strong arms, antennae 3
a: Dig, Shaft Self, Bend Time, Temporal Distortion, Slouch, Step From Time,
Renounce Religion


You were on level 1 of the Lair of Beasts.
You worshipped Cheibriados.
Cheibriados was extremely pleased with you.
You were not hungry.

You visited 3 branches of the dungeon, and saw 12 of its levels.
You also visited: Sewer.

You collected 620 gold pieces.
You spent 189 gold pieces at shops.


Innate Abilities, Weirdness & Mutations

You are under a permanent stasis effect.
You can dig through walls and to a lower floor.
Your four strong arms can wield two-handed weapons with a shield.
You have a pair of large antennae on your head (SInv).


   Skills:
 + Level 8.7 Fighting
 * Level 11.9 Axes
 - Level 8.1 Armour
 - Level 9.0 Shields
 + Level 5.1 Invocations


You had 10 spell levels left.
You didn't know any spells.

Inventory:

Hand Weapons
 J - a +1 morningstar (weapon)
 K - the +4 battleaxe "Widump" {venom, rF+ rC+ MR+ Int+3}

   It poisons the flesh of those it strikes.
   It affects your intelligence (+3).
   It protects you from fire.
   It protects you from cold.
   It affects your resistance to hostile enchantments.
Missiles
 y - 6 javelins (quivered)
Armour
 b - a +0 scale mail
 c - a +0 shield (worn)
 e - a +0 plate armour (worn)
 p - a +1 cloak (worn)
 D - the +1 pair of boots of Kindness (worn) {rF+}

   It protects you from fire.
 O - a +0 pair of gloves (worn)
Jewellery
 h - a ring of protection from magic (left hand)
 k - a ring of positive energy (right hand)
 I - an uncursed ring of sustain attributes
 N - an uncursed ring of flight
Wands
 E - a wand of teleportation (4/9)
 F - a wand of disintegration (12/24)
 H - a wand of confusion (22/48)
 R - a wand of polymorph (12/24)
Scrolls
 a - a scroll of recharging {unknown}
 g - a scroll of fog
 i - a scroll of enchant weapon
 n - a scroll of vulnerability {unknown}
 o - a scroll of amnesia {unknown}
 q - a scroll of random uselessness {unknown}
 r - 3 scrolls of enchant armour
 u - a scroll of magic mapping
 w - a scroll of fear
 B - 2 scrolls of remove curse
 L - a scroll of silence {unknown}
Potions
 d - 2 potions of might
 j - a potion of invisibility
 m - a potion of resistance
 t - 3 potions of curing
 z - 6 potions of heal wounds
 A - 4 potions of flight
 G - a potion of magic
 P - 2 potions of agility
Comestibles
 f - 6 bread rations
 l - 4 chunks of flesh
 s - 4 meat rations
 x - 3 slices of pizza
 M - 2 beef jerkies
 Q - 5 fruits

Dungeon Overview and Level Annotations

Branches:
Dungeon (10/15)            Temple (1/1) D:4            Lair (1/8) D:10
    Orc: D:9-12

Altars:
Ashenzari
Cheibriados
Dithmenos
Elyvilon
Fedhas
Gozag
Kikubaaqudgha
Makhleb
Nemelex Xobeh
Okawaru
Pakellas
Qazlal
Ru
Sif Muna
Trog
Vehumet
Xom
Yredelemnul
Zin
The Shining One

Shops:
D:9 !

Annotations:
D:3 1 exclusion


Message History

You puncture the six-headed hydra!
The six-headed hydra is heavily wounded.
You block the six-headed hydra's attack. x2
The six-headed hydra bites you but does no damage.
The six-headed hydra bites you!
You block the six-headed hydra's attack.
The six-headed hydra bites you but does no damage.
You thump the six-headed hydra!
The six-headed hydra is heavily wounded.
You block the six-headed hydra's attack.
The six-headed hydra bites you!
The six-headed hydra closely misses you.
The six-headed hydra bites you but does no damage.
The six-headed hydra closely misses you.
The six-headed hydra bites you but does no damage.
Your plate armour prevents you from hitting the six-headed hydra.
The six-headed hydra is heavily wounded.
You block the six-headed hydra's attack. x2
The six-headed hydra bites you. The six-headed hydra bites you!
The six-headed hydra bites you.
The six-headed hydra bites you but does no damage. x3
The six-headed hydra bites you.
The six-headed hydra bites you but does no damage.
The six-headed hydra bites you.
The six-headed hydra completely misses you.
You hit the six-headed hydra.
The six-headed hydra is heavily wounded.
The six-headed hydra bites you but does no damage.
You block the six-headed hydra's attack. x2
The six-headed hydra bites you! The six-headed hydra bites you.
The six-headed hydra barely misses you.
You are too injured to fight recklessly!
You are too injured to fight recklessly!
You are too injured to fight recklessly!
You bludgeon the six-headed hydra!!
The six-headed hydra is severely wounded.
You block the six-headed hydra's attack.
The six-headed hydra bites you but does no damage.
The six-headed hydra bites you! x2
The six-headed hydra bites you but does no damage.
You block the six-headed hydra's attack.
You impale the six-headed hydra!!
The six-headed hydra is almost dead.
The six-headed hydra bites you but does no damage.
The six-headed hydra bites you. x3
You block the six-headed hydra's attack.
The six-headed hydra bites you but does no damage.
Use which ability? (? or * to list)
You fail to use your ability.
The six-headed hydra bites you!
You die...

##.###.>####. #.#.. .+.....#....
.....#..# #.#.. .P.....#....
........## #.#.. .#.....#....
.........# #.+..#.......+..%.
.....P..## #.###.[......P....
#.####..# #......#.....P....
........# ##............#....
........# ###.......###........
..##..#.#####.##@D...............
......#..........................
......#...................[......
......#................##.##.....
......#................#...#.....
......#....................#.....
......#.....########...#...#.....
......P.....# ##..#.+##.....
......+.....# #............


You could see a six-headed hydra.

Action                   |  1- 3 |  4- 6 |  7- 9 | 10-12 || total
-------------------------+-------+-------+-------+-------++-------
Melee: War axe           |    91 |   211 |   314 |       ||   616
       Battleaxe         |       |       |    11 |   198 ||   209
       Morningstar       |       |       |       |     8 ||     8
 Abil: Dig               |     1 |     2 |     8 |     1 ||    12
  Use: Scroll            |       |     3 |     6 |    12 ||    21
       Potion            |       |       |     1 |       ||     1
  Eat: Chunk             |       |     8 |     8 |     4 ||    20
       Beef jerky        |       |       |     1 |       ||     1
       Pizza             |       |       |       |     1 ||     1
Armor: Plate armour      |    78 |   131 |   118 |    94 ||   421
       Scale mail        |     2 |       |       |       ||     2
       Skin              |       |       |    38 |       ||    38
Dodge: Dodged            |    16 |    29 |    66 |    58 ||   169
Block: Shield            |    50 |   122 |   210 |   151 ||   533

Notes
Turn   | Place    | Note
--------------------------------------------------------------
     0 | D:1      | Duffy the Formicid Fighter began the quest for the Orb.
     0 | D:1      | Reached XP level 1. HP: 18/18 MP: 1/1
    75 | D:1      | Reached XP level 2. HP: 24/24 MP: 2/2
   174 | D:1      | Reached skill level 4 in Shields
   283 | D:1      | Reached XP level 3. HP: 26/29 MP: 3/3
   413 | D:1      | You fall through a shaft!
   942 | D:2      | Reached XP level 4. HP: 34/35 MP: 4/4
  1326 | D:3      | Noticed Gruesome's ghost (amateur OpTm)
  1830 | D:1      | Reached skill level 3 in Axes
  1830 | D:1      | Reached skill level 5 in Shields
  1963 | D:2      | Reached skill level 4 in Armour
  1963 | D:2      | Reached XP level 5. HP: 29/41 MP: 5/5
  2141 | D:3      | Killed Gruesome's ghost
  2141 | D:3      | Reached XP level 6. HP: 47/47 MP: 6/6
  2171 | D:3      | Reached skill level 6 in Shields
  2366 | D:3      | Noticed an ice beast
  2405 | D:2      | Killed an ice beast
  2622 | D:3      | Found a shimmering altar of Xom.
  2959 | D:3      | Reached skill level 4 in Axes
  3000 | D:3      | Reached XP level 7. HP: 52/52 MP: 7/7
  3103 | D:4      | Found a deep blue altar of Sif Muna.
  3105 | D:4      | Found an iron altar of Okawaru.
  3107 | D:4      | Found an oddly glowing altar of Pakellas.
  3107 | D:4      | Found a burning altar of Makhleb.
  3107 | D:4      | Found an ancient bone altar of Kikubaaqudgha.
  3107 | D:4      | Found a sparkling altar of Nemelex Xobeh.
  3107 | D:4      | Found a basalt altar of Yredelemnul.
  3108 | D:4      | Found a white marble altar of Elyvilon.
  3164 | D:4      | Noticed Pikel
  3181 | D:4      | Reached skill level 7 in Shields
  3202 | D:3      | Killed Pikel
  3202 | D:3      | Reached skill level 5 in Axes
  3202 | D:3      | Reached skill level 8 in Shields
  3202 | D:3      | Reached XP level 8. HP: 53/58 MP: 8/8
  3345 | D:4      | Reached skill level 6 in Axes
  3374 | D:4      | Found a staircase to the Ecumenical Temple.
  3383 | Temple   | Entered the Ecumenical Temple
  3473 | Temple   | Became a worshipper of Cheibriados the Contemplative
  4318 | D:5      | Entered Level 5 of the Dungeon
  4341 | D:5      | Reached skill level 9 in Shields
  4420 | D:5      | Found a glowing drain.
  4439 | Sewer    | Entered a sewer
  4511 | Sewer    | Reached * piety under Cheibriados
  4534 | Sewer    | Found a white marble altar of Elyvilon.
  4704 | D:5      | Reached skill level 5 in Armour
  4852 | D:5      | Reached skill level 7 in Axes
  4888 | D:5      | Reached XP level 9. HP: 65/65 MP: 9/9
  5207 | D:5      | Got a pair of dazzling boots
  5213 | D:5      | Identified the +1 pair of boots of Kindness {rF+} (You found it on level 5 of the Dungeon)
  5227 | D:5      | Reached skill level 4 in Fighting
  5703 | D:6      | Noticed Grinder
  5721 | D:6      | Killed Grinder
  5857 | D:6      | Reached ** piety under Cheibriados
  5857 | D:6      | Reached skill level 8 in Axes
  6020 | D:6      | Reached skill level 5 in Fighting
  6040 | D:6      | Reached skill level 6 in Armour
  6701 | D:6      | Got a pitted battleaxe
  6709 | D:6      | Identified the +4 battleaxe "Widump" {venom, rF+ rC+ MR+ Int+3} (You found it on level 6 of the Dungeon)
  7035 | D:7      | Reached XP level 10. HP: 76/76 MP: 10/10
  7084 | D:7      | Reached skill level 9 in Axes
  7170 | D:7      | Reached *** piety under Cheibriados
  7174 | D:7      | Reached skill level 6 in Fighting
  7283 | D:7      | Reached skill level 7 in Armour
  7751 | D:7      | Noticed a hill giant
  7756 | D:7      | Killed a hill giant
  7756 | D:7      | Reached skill level 10 in Axes
  7933 | D:8      | Reached skill level 7 in Fighting
  7942 | D:8      | Noticed Duffy's ghost (novice FoFi)
  7972 | D:8      | Killed Duffy's ghost
  7972 | D:8      | Reached skill level 8 in Armour
  8118 | D:8      | Noticed a manticore
  8131 | D:8      | Reached **** piety under Cheibriados
  8179 | D:9      | Found Suran's Distillery.
  8209 | D:9      | Bought a potion of degeneration for 14 gold pieces
  8209 | D:9      | Bought a potion of mutation for 35 gold pieces
  8209 | D:9      | Bought a potion of heal wounds for 70 gold pieces
  8209 | D:9      | Bought a potion of heal wounds for 70 gold pieces
  8256 | D:9      | Reached skill level 1 in Invocations
  8410 | D:9      | Reached XP level 11. HP: 83/83 MP: 11/11
  8511 | D:9      | Noticed Erolcha
  8514 | D:9      | Killed Erolcha
  8514 | D:9      | Reached skill level 11 in Axes
  8514 | D:9      | Reached skill level 2 in Invocations
  8701 | D:10     | Entered Level 10 of the Dungeon
  8710 | D:10     | Reached skill level 3 in Invocations
  8714 | D:10     | Reached skill level 8 in Fighting
  8848 | D:10     | Reached skill level 4 in Invocations
  8901 | D:10     | Noticed an oklob plant
  8902 | D:10     | Noticed an oklob plant
  9265 | D:10     | Reached ***** piety under Cheibriados
  9305 | D:10     | Found a staircase to the Lair.
  9447 | D:10     | Killed an oklob plant
  9630 | D:10     | Killed an oklob plant
  9651 | Lair:1   | Entered Level 1 of the Lair of Beasts
  9946 | Lair:1   | Reached skill level 5 in Invocations
 10037 | Lair:1   | Noticed a six-headed hydra
 10051 | Lair:1   | Slain by a six-headed hydra

Skill      XL: |  1  2  3  4  5  6  7  8  9 10 11 |
---------------+----------------------------------+-----
Shields        | 4 5 6 8 9 |  9.0
Axes           | 3 4 5 7 8 10 11 | 11.9
Armour         | 4 5 6 8 |  8.1
Fighting       | 5 7 8 |  8.7
Invocations    | 1 5 |  5.1

Vault maps used:
D:1:      onia_arrival_pyramid
D:2:      first_bread, st_stairs_1
D:3:      kennysheep_cross_bottleneck, lemuel_statue_altar,
          uniq_crazy_yiuf_cottage
D:4:      grunt_temple_overflow_open, minmay_temple_entry_grid,
          kennysheep_generic_room_13, uniq_pikel
D:5:      portal_sewer_entry_f
D:6:      uniq_grinder
D:8:      minmay_cut_squares
D:9:      serial_shops, nicolae_shop_waterfront, uniq_erolcha
D:10:     dpeg_oklobed_lair
Temple:   circular_temple_12
Lair:1:   uniq_erica
Sewer:    sewer_kobolds

Vanquished Creatures
  Erolcha
  The ghost of Duffy the Blocker, a novice FoFi of Makhleb Pikel
  A hill giant
  2 oklob plants
  A centaur zombie
  A spiny frog Grinder
  A vampire
  3 yaks
  A wraith
  A porcupine
  4 sky beasts
  2 orc warriors
  A black bear
  2 ice beasts
  A wasp
  A necrophage
  A phantom
  6 ogres
  4 centaurs
  A crocodile
  A big kobold
  The ghost of Gruesome the Insei, an amateur OpTm
  5 giant frogs
  2 gnoll sergeants
  2 scorpions
  A water moccasin skeleton
  6 killer bees
  9 wights
  3 howler monkeys
  3 crimson imps
  7 hounds
  3 jellies
  2 centaur skeletons
  3 orc priests
  2 iguanas
  4 orc wizards
  4 worker ants
  2 hound skeletons
  A howler monkey zombie
  14 gnolls
  8 adders
  A shadow imp
  An ooze
  An adder skeleton
  A worm
  4 dart slugs
  4 giant geckos
  29 orcs
  6 bats
  5 giant cockroaches
  7 goblins
  5 hobgoblins
  5 jackals
  5 quokkas
  A giant gecko zombie
  2 giant newts
  9 kobolds
  13 rats
  10 plants
230 creatures vanquished.
